 Dungeon Crawl Stone Soup version 0.31-a0-431-g88bdf31460 (webtiles) character file.

Game seed: 4364781726363555461

35 voltaire321 the Stinger (level 3, 0/26 HPs)
             Began as a Merfolk Venom Mage on July 31, 2023.
             Succumbed to an adder's poison
             ... on level 2 of the Dungeon.
             The game lasted 00:02:32 (731 turns).

voltaire321 the Stinger (Merfolk Venom Mage)         Turns: 731, Time: 00:02:33

Health: 0/26       AC:  2    Str: 10    XL:     3   Next: 33%
Magic:  2/6        EV: 12    Int: 14    God:
Gold:   70         SH:  4    Dex: 14    Spells: 5/6 levels left

rFire   . . .        c - +2 short sword (speed)
rCold   . . .        h - +0 buckler
rNeg    . . .        a - +0 robe
rPois   .            (no helmet)
rElec   .            (no cloak)
rCorr   .            (no gloves)
SInv    .            (no boots)
Will    .....        (no amulet)
Stlth   ++           (no ring)
HPRegen 0.24/turn    (no ring)
MPRegen 0.10/turn

%: no passive effects
@: lethally poisoned (0 -> -1), invisible
A: (nimble swimmer 2), mertail
a: no special abilities


You were on level 2 of the Dungeon.
You visited 1 branch of the dungeon, and saw 2 of its levels.

You collected 70 gold pieces.

Inventory:

Hand Weapons
 c - a +2 short sword of speed (weapon)
Armour
 a - a +0 robe (worn)
 h - a +0 buckler (worn)
Scrolls
 d - a scroll of teleportation {unknown}
 e - a scroll of noise {unknown}
 g - a scroll of identify {unknown}
Potions
 b - a potion of magic


   Skills:
 + Level 1.0 Fighting
 + Level 0.5 Armour
 + Level 3.2 Dodging
 - Level 2.1 Stealth
 + Level 0.1 Shields
 + Level 2.2 Spellcasting
 - Level 2.0 Transmutations
 + Level 3.5 Poison Magic


You had 5 spell levels left.
You knew the following spells:

 Your Spells              Type           Power      Damage    Failure   Level
a - Sting                 Tmut/Pois      36%        1d4       12%         1

Your spell library contained the following spells:

 Spells                   Type           Power      Damage    Failure   Level
 Poisonous Vapours        Pois/Air       12%        N/A       26%         2
 Apportation              Tloc           2%         N/A       34%         1
 Mephitic Cloud           Conj/Pois/Air  4%         N/A       54%         3
 Olgreb's Toxic Radiance  Pois           11%        N/A       63%         4
 Alistair's Intoxication  Tmut/Pois      6%         N/A       97%         5


Dungeon Overview and Level Annotations

Branches:
Dungeon (2/15)

Altars:


Innate Abilities, Weirdness & Mutations

((You are very nimble when in or above water. (Stealth+, EV+, Speed+++)))
Your lower body shifts to a powerful aquatic tail in water.


Message History

You feel sick. The adder barely misses you.
You hit the adder.
The adder is severely wounded.
You feel sick. You block the adder's attack.
You miss the adder.
The adder is severely wounded.
You feel sick.
You kill the adder!
Training target 2.0 for Transmutations reached!
Your Fighting skill increases to level 1!
Your Transmutations skill increases to level 2!
Aiming: Sting (safe; 12% risk of failure)
Press: ? - help, Q - select action Shift-Dir - straight line, f - endoplasm
Aim: an endoplasm (97% to hit)
The sting hits the endoplasm.
The endoplasm is poisoned.
The endoplasm is lightly wounded.
You feel sick.
Aiming: Sting (safe; 12% risk of failure)
Press: ? - help, Q - select action Shift-Dir - straight line, f/p - endoplasm
Aim: an endoplasm (lightly wounded, poisoned, 97% to hit)
The sting hits the endoplasm but does no damage.
The endoplasm looks even sicker.
The endoplasm is lightly wounded.
You feel sick. The endoplasm freezes you.
You are frozen.
* * * LOW HITPOINT WARNING * * *
You hit the endoplasm but do no damage.
The endoplasm is lightly wounded.
You feel sick. The endoplasm freezes you.
You are frozen.
* * * LOW HITPOINT WARNING * * *
It was a potion of invisibility.
You fade into invisibility!
* * * LOW HITPOINT WARNING * * *
You feel sick. You block the endoplasm's attack.
You hit the endoplasm.
The endoplasm is severely wounded.
You die...

###.####.###.####
#.....##.#⌠#...#
#.....##.###...#
#...>.##.......#
#.....####....^#
#.....# ##.....#
##.#### #......#
#.#...##.##.#.#
#.#........@#.#
#####.#####.#J......
#####.####.#ZK......
## ##.####. .......#
.####.####.##......#
.............
......#
.#####.######
###.... #..# .####
.###


You could see an endoplasm (very poisoned) and a kobold (unable to see you).

Vanquished Creatures
  An adder (D:2)
  5 endoplasms (D:1)
  A giant cockroach (D:1)
  3 goblins (D:1)
  2 hobgoblins (D:1)
  A kobold (D:1)
  A quokka (D:1)
  2 ball pythons (D:1)
  3 bats
  A frilled lizard (D:1)
  2 rats (D:1)
22 creatures vanquished.

Notes
Turn   | Place    | Note
-------+----------+-------------------------------------------
     0 | D:1      | voltaire321 the Merfolk Venom Mage began the quest for the
                  | Orb.
     0 | D:1      | Reached XP level 1. HP: 13/13 MP: 3/3
   170 | D:1      | Reached XP level 2. HP: 20/20 MP: 5/5
   512 | D:1      | Reached XP level 3. HP: 25/25 MP: 2/6
   727 | D:2      | Reached skill level 1 in Fighting
   729 | D:2      | HP: 1/26 [frozen (5)]
   731 | D:2      | Succumbed to an adder's poison

Illustrated notes

Levels and vault maps discovered:
D:1:      lemuel_arrival_broad_hall, layout_basic
D:2:      layout_loops_cross, serial_undead, serial_undead_e, serial_undead_e,
          serial_undead_c, serial_undead_a, reono_crystal_passage,
          feat_on_display

Skill      XL: |  1  2  3 |
---------------+----------+-----
Dodging        | 3 |  3.2
Fighting       | 1 |  1.0
Transmutations | 2 |  2.0
Armour         | |  0.5
Stealth        | |  2.1
Shields        | |  0.1
Spellcasting   | |  2.2
Poison Magic   | |  3.5

Action                     || total
---------------------------++-------
  Melee: Short sword       ||    45
         Punch             ||     1
   Cast: Sting             ||    22
    Use: Potion            ||     1
   Stab: Sleeping          ||     4
 Armour: Robe              ||     7
  Dodge: Dodged            ||    15
  Block: Buckler           ||     3

Table legend: (Time is in decaauts)
 A = Elapsed time spent in this place.
 B = Non-inter-level travel time spent in this place.
 C = Inter-level travel time spent in this place.
 D = Time resting spent in this place.
 E = Time spent auto-exploring this place.
 F = Levels seen in this place.
 G = Mean time per level.
                   A        B        C        D        E       F      G
               +--------+--------+--------+--------+--------+-----+--------+
         Total |    716 |    700 |     16 |     86 |    408 |   2 |  358.0 |
       Dungeon |    716 |    700 |     16 |     86 |    408 |   2 |  358.0 |
               +--------+--------+--------+--------+--------+-----+--------+

Top non-repeatable levels by time:
     D:1: 644 daAuts
     D:2: 72 daAuts
